TOP OF THE 1ST |
Oakland Athletics batting - Pitching for Los Angeles Angels : LHP J.A. Happ
|
Pitching: LHP J.A. Happ
|
|
Batting: LHB Joey Votto
|
0-0: Ball 1-0: Called Strike 1-1: Called Strike 1-2: Strikes out swinging
|
Batting: RHB Luke Voit
|
0-0: Called Strike 0-1: Foul Ball, location: 2F 0-2: Fly out, F8 (Flyball, 78S, EV 85.6 MPH)
|
Batting: RHB Josh Donaldson
|
0-0: Ball 1-0: Ball 2-0: Swinging Strike 2-1: Ball 3-1: Swinging Strike 3-2: Strikes out swinging
|
Top of the 1st over - 0 runs, 0 hits, 0 errors, 0 left on base; Oakland 0 - Los Angeles 0 |
BOTTOM OF THE 1ST |
Los Angeles Angels batting - Pitching for Oakland Athletics : RHP Jerad Eickhoff
|
Pitching: RHP Jerad Eickhoff
|
|
Batting: RHB Francisco Pena
|
0-0: Called Strike 0-1: Ball 1-1: Foul Ball, location: 2F 1-2: Foul Ball, location: 2F 1-2: Ball 2-2: Strikes out looking
|
Batting: RHB Braden Bishop
|
0-0: Ball 1-0: Ball 2-0: Ball 3-0: Called Strike 3-1: Called Strike 3-2: Ground out 5-3 (Groundball, 5S, EV 67.5 MPH)
|
Batting: RHB Brian Anderson
|
0-0: Fly out, F8 (Line Drive, 8RM, EV 88.1 MPH)
|
Bottom of the 1st over - 0 runs, 0 hits, 0 errors, 0 left on base; Oakland 0 - Los Angeles 0 |
TOP OF THE 2ND |
Oakland Athletics batting - Pitching for Los Angeles Angels : LHP J.A. Happ
|
Batting: LHB Mike Tauchman
|
0-0: Ball 1-0: Swinging Strike 1-1: Ball 2-1: Foul Ball, location: 2F 2-2: Fly out, F8 (Line Drive, 8RD, EV 84.4 MPH)
|
Batting: LHB Brock Holt
|
0-0: Ball 1-0: Ball 2-0: Ball 3-0: Called Strike 3-1: Foul Ball, location: 2F 3-2: Base on Balls
|
Batting: LHB Alex Dickerson
|
0-0: Ball 1-0: Fly out, F9 (Flyball, 9, EV 84.4 MPH)
|
Batting: SHB Freddy Galvis
|
0-0: Called Strike 0-1: Foul Ball, location: 2F 0-2: Strikes out swinging
|
Top of the 2nd over - 0 runs, 0 hits, 0 errors, 1 left on base; Oakland 0 - Los Angeles 0 |
BOTTOM OF THE 2ND |
Los Angeles Angels batting - Pitching for Oakland Athletics : RHP Jerad Eickhoff
|
Batting: SHB Yolmer Sanchez
|
0-0: Called Strike 0-1: Ball 1-1: SINGLE (Groundball, 4M, EV 103.1 MPH)
|
Batting: RHB Mikie Mahtook
|
0-0: Ball 1-0: Foul Ball, location: 2F 1-1: Reached on error, E5 (Groundball, 5S, EV 90.6 MPH) Yolmer Sanchez to second
|
Batting: RHB Wil Myers
|
0-0: SINGLE (Groundball, 6S, EV 64.4 MPH) (infield hit) Yolmer Sanchez to third Mikie Mahtook to second
|
Batting: RHB Cameron Maybin
|
0-0: Called Strike 0-1: Ball 1-1: Ball 2-1: Foul Ball, location: 2F 2-2: Ball 3-2: Foul Ball, location: 2F 3-2: DOUBLE (Flyball, 89D, EV 95.6 MPH) Yolmer Sanchez scores Mikie Mahtook scores Wil Myers to third
|
Batting: RHB Avisail Garcia
|
0-0: Called Strike 0-1: Hit by Pitch
|
Batting: RHB Zack Cozart
|
0-0: Ball 1-0: Fly out, F9 (Flyball, 89XD, EV 100.0 MPH) Runner from 3rd tags up, SCORES, no throw by RF Cameron Maybin to third
|
Batting: RHB Francisco Pena
|
0-0: Fly out, F8 (Line Drive, 8LM, EV 86.3 MPH) Runner from 3rd tags up, SCORES, no throw by CF
|
Batting: RHB Braden Bishop
|
0-0: Ball 1-0: Ball 2-0: Swinging Strike 2-1: Ball 3-1: Fly out, F4 (Popup, 34, EV 57.5 MPH)
|
Bottom of the 2nd over - 4 runs, 3 hits, 1 error, 1 left on base; Oakland 0 - Los Angeles 4 |
TOP OF THE 3RD |
Oakland Athletics batting - Pitching for Los Angeles Angels : LHP J.A. Happ
|
Batting: RHB Cam Gallagher
|
0-0: Ball 1-0: SINGLE (Groundball, 6MD, EV 94.4 MPH)
|
Batting: LHB Scooter Gennett
|
0-0: Called Strike 0-1: Called Strike 0-2: Ball 1-2: SINGLE (Line Drive, 9S, EV 100.6 MPH) Cam Gallagher to second
|
Batting: LHB Joey Votto
|
0-0: Ball 1-0: Called Strike 1-1: Swinging Strike 1-2: Ball 2-2: Foul Ball, location: 2F 2-2: Strikes out looking
|
Batting: RHB Luke Voit
|
0-0: Called Strike 0-1: Foul Ball, location: 2F 0-2: 3-RUN HOME RUN (Flyball, 7D, EV 100.0 MPH), Distance : 387 ft
|
Batting: RHB Josh Donaldson
|
0-0: Called Strike 0-1: Foul Ball, location: 2F 0-2: Ground out 4-3 (Groundball, 4, EV 99.4 MPH)
|
Batting: LHB Mike Tauchman
|
0-0: Foul Ball, location: 2F 0-1: Fly out, F8 (Flyball, 8LS, EV 93.8 MPH)
|
Top of the 3rd over - 3 runs, 3 hits, 0 errors, 0 left on base; Oakland 3 - Los Angeles 4 |
BOTTOM OF THE 3RD |
Los Angeles Angels batting - Pitching for Oakland Athletics : RHP Jerad Eickhoff
|
Batting: RHB Brian Anderson
|
0-0: Fly out, F8 (Flyball, 8RD, EV 89.4 MPH)
|
Batting: SHB Yolmer Sanchez
|
0-0: Ball 1-0: Ball 2-0: DOUBLE (Line Drive, 78M, EV 97.5 MPH)
|
Batting: RHB Mikie Mahtook
|
0-0: Ball 1-0: Foul Ball, location: 2F 1-1: Ball 2-1: Ball 3-1: Foul Ball, location: 2F 3-2: Strikes out swinging
|
Batting: RHB Wil Myers
|
0-0: Ball 1-0: Ball 2-0: Swinging Strike 2-1: Ball 3-1: Called Strike 3-2: Strikes out swinging
|
Bottom of the 3rd over - 0 runs, 1 hit, 0 errors, 1 left on base; Oakland 3 - Los Angeles 4 |
TOP OF THE 4TH |
Oakland Athletics batting - Pitching for Los Angeles Angels : LHP J.A. Happ
|
Batting: LHB Brock Holt
|
0-0: Ball 1-0: Called Strike 1-1: Fly out, F5 (Flyball, 5D, EV 86.3 MPH)
|
Batting: LHB Alex Dickerson
|
0-0: Foul Ball, location: 2F 0-1: Ground out 4-3 (Groundball, 4, EV 85.0 MPH)
|
Batting: SHB Freddy Galvis
|
0-0: Called Strike 0-1: Ball 1-1: Ground out 6-3 (Groundball, 6, EV 101.9 MPH)
|
Top of the 4th over - 0 runs, 0 hits, 0 errors, 0 left on base; Oakland 3 - Los Angeles 4 |
BOTTOM OF THE 4TH |
Los Angeles Angels batting - Pitching for Oakland Athletics : RHP Jerad Eickhoff
|
Batting: RHB Cameron Maybin
|
0-0: Ball 1-0: Ball 2-0: SINGLE (Line Drive, 89S, EV 107.5 MPH)
|
Batting: RHB Avisail Garcia
|
0-0: Ball 1-0: Called Strike 1-1: Foul Ball, location: 2F 1-2: Strikes out swinging
|
Batting: RHB Zack Cozart
|
0-0: Called Strike Cameron Maybin steals 2nd base 0-1: Ball 1-1: Foul Ball, location: 2F 1-2: Ball 2-2: Ball 3-2: Foul Ball, location: 2F 3-2: Foul Ball, location: 2F 3-2: Ground out 6-3 (Groundball, 6, EV 105.0 MPH)
|
Batting: RHB Francisco Pena
|
0-0: Swinging Strike 0-1: Foul Ball, location: 2F 0-2: Ball Wild Pitch! Cameron Maybin to third 1-2: Foul Ball, location: 2F 1-2: Foul Ball, location: 2F 1-2: Ball 2-2: Foul Ball, location: 2F 2-2: Ball 3-2: Foul Ball, location: 2F 3-2: Strikes out swinging
|
Bottom of the 4th over - 0 runs, 1 hit, 0 errors, 1 left on base; Oakland 3 - Los Angeles 4 |
TOP OF THE 5TH |
Oakland Athletics batting - Pitching for Los Angeles Angels : LHP J.A. Happ
|
Batting: RHB Cam Gallagher
|
0-0: Ball 1-0: Ground out 6-3 (Groundball, 6, EV 80.0 MPH)
|
Batting: LHB Scooter Gennett
|
0-0: Called Strike 0-1: Swinging Strike 0-2: Ball 1-2: Ball 2-2: Ball 3-2: Base on Balls
|
Batting: LHB Joey Votto
|
0-0: Called Strike 0-1: Fly out, F7 (Flyball, 7LM, EV 86.3 MPH)
|
Batting: RHB Luke Voit
|
0-0: Ball 1-0: Called Strike 1-1: Ball 2-1: Foul Ball, location: 2F 2-2: Ball 3-2: Base on Balls Scooter Gennett to second
|
Batting: RHB Josh Donaldson
|
0-0: Fly out, F8 (Flyball, 8LD, EV 83.1 MPH)
|
Top of the 5th over - 0 runs, 0 hits, 0 errors, 2 left on base; Oakland 3 - Los Angeles 4 |
BOTTOM OF THE 5TH |
Los Angeles Angels batting - Pitching for Oakland Athletics : RHP Jerad Eickhoff
|
Batting: RHB Braden Bishop
|
0-0: Swinging Strike 0-1: Ball 1-1: Ball 2-1: Ball 3-1: DOUBLE (Line Drive, 89D, EV 101.3 MPH)
|
Batting: RHB Brian Anderson
|
0-0: Foul Ball, location: 2F 0-1: SINGLE (Line Drive, 4MD, EV 95.6 MPH) Braden Bishop to third
|
Batting: SHB Yolmer Sanchez
|
0-0: Ball 1-0: Ball 2-0: Fly out, F7 (Flyball, 7S, EV 83.8 MPH)
|
Batting: RHB Mikie Mahtook
|
0-0: Foul Ball, location: 2F 0-1: Ball 1-1: Ball Wild Pitch! Braden Bishop scores Brian Anderson to second 2-1: Ball 3-1: Foul Ball, location: 2F 3-2: Foul Ball, location: 2F 3-2: Base on Balls
|
Pitching: RHP Wilmer Font
|
|
Batting: RHB Wil Myers
|
0-0: Ball 1-0: Ball 2-0: Foul Ball, location: 2F 2-1: Ball 3-1: Called Strike 3-2: Base on Balls Brian Anderson to third Mikie Mahtook to second
|
Batting: RHB Cameron Maybin
|
0-0: Grounds into double play, 6-4-3 (Groundball, 6S, EV 91.9 MPH)
|
Bottom of the 5th over - 1 run, 2 hits, 0 errors, 2 left on base; Oakland 3 - Los Angeles 5 |
TOP OF THE 6TH |
Oakland Athletics batting - Pitching for Los Angeles Angels : LHP J.A. Happ
|
Batting: LHB Mike Tauchman
|
0-0: Ground out 6-3 (Groundball, 6M, EV 105.6 MPH)
|
Batting: LHB Brock Holt
|
0-0: Called Strike 0-1: Fly out, F7 (Flyball, 78D, EV 87.5 MPH)
|
Batting: LHB Alex Dickerson
|
0-0: Called Strike 0-1: Swinging Strike 0-2: Strikes out swinging
|
Top of the 6th over - 0 runs, 0 hits, 0 errors, 0 left on base; Oakland 3 - Los Angeles 5 |
BOTTOM OF THE 6TH |
Los Angeles Angels batting - Pitching for Oakland Athletics : RHP Wilmer Font
|
Batting: RHB Avisail Garcia
|
0-0: Called Strike 0-1: Ball 1-1: Swinging Strike 1-2: Strikes out swinging
|
Batting: RHB Zack Cozart
|
0-0: Fly out, F9 (Flyball, 89D, EV 88.8 MPH)
|
Batting: RHB Francisco Pena
|
0-0: Called Strike 0-1: Ball 1-1: Foul Ball, location: 2F 1-2: Ball 2-2: Strikes out swinging
|
Bottom of the 6th over - 0 runs, 0 hits, 0 errors, 0 left on base; Oakland 3 - Los Angeles 5 |
TOP OF THE 7TH |
Oakland Athletics batting - Pitching for Los Angeles Angels : LHP J.A. Happ
|
Batting: SHB Freddy Galvis
|
0-0: Ground out 4-3 (Groundball, 4S, EV 77.5 MPH)
|
Batting: RHB Cam Gallagher
|
0-0: Ball 1-0: Ball 2-0: Called Strike 2-1: Ball 3-1: Swinging Strike 3-2: Base on Balls
|
Pitching: RHP Carlos Martinez
|
|
Batting: LHB Scooter Gennett
|
0-0: Ball 1-0: Foul Ball, location: 2F 1-1: Called Strike 1-2: Fly out, F8 (Line Drive, 8LM, EV 93.8 MPH)
|
Batting: LHB Joey Votto
|
0-0: Ball 1-0: Hit by Pitch Cam Gallagher to second
|
Batting: RHB Luke Voit
|
0-0: Ball 1-0: Ball 2-0: Foul Ball, location: 2F 2-1: Ground out 5-3 (Groundball, 56S, EV 92.5 MPH)
|
Top of the 7th over - 0 runs, 0 hits, 0 errors, 2 left on base; Oakland 3 - Los Angeles 5 |
BOTTOM OF THE 7TH |
Los Angeles Angels batting - Pitching for Oakland Athletics : RHP Wilmer Font
|
Pitching: LHP Aaron Bummer
|
|
Batting: RHB Braden Bishop
|
0-0: Called Strike 0-1: Ball 1-1: Swinging Strike 1-2: Ball 2-2: Foul Ball, location: 2F 2-2: SINGLE (Groundball, 6MD, EV 102.5 MPH)
|
Batting: RHB Brian Anderson
|
0-0: Ball 1-0: Ball 2-0: Called Strike 2-1: Foul Ball, location: 2F 2-2: Fielders Choice at 2nd, 3-6 (Groundball, 34, EV 100.0 MPH)
|
Batting: SHB Yolmer Sanchez
|
0-0: Ball 1-0: Called Strike 1-1: Swinging Strike 1-2: Foul Ball, location: 2F 1-2: Strikes out swinging
|
Batting: RHB Mikie Mahtook
|
0-0: Fly out, F8 (Flyball, 8LM, EV 82.5 MPH)
|
Bottom of the 7th over - 0 runs, 1 hit, 0 errors, 1 left on base; Oakland 3 - Los Angeles 5 |
TOP OF THE 8TH |
Oakland Athletics batting - Pitching for Los Angeles Angels : RHP Carlos Martinez
|
Pitching: RHP Sam Tuivailala
|
|
Batting: RHB Josh Donaldson
|
0-0: Ball 1-0: Ball 2-0: Foul Ball, location: 2F 2-1: Foul Ball, location: 2F 2-2: Strikes out swinging
|
Batting: LHB Mike Tauchman
|
0-0: Ball 1-0: Ball 2-0: Foul Ball, location: 2F 2-1: Foul Ball, location: 2F 2-2: SINGLE (Line Drive, 78S, EV 96.3 MPH)
|
Batting: LHB Brock Holt
|
0-0: Ball 1-0: Foul Ball, location: 2F 1-1: Swinging Strike 1-2: Foul Ball, location: 2F 1-2: Ball 2-2: Fly out, F7 (Flyball, 7LM, EV 95.6 MPH)
|
Pitching: RHP Chaz Roe
|
|
Batting: LHB Alex Dickerson
|
0-0: Ball 1-0: Fly out, F9 (Flyball, 9S, EV 86.9 MPH)
|
Top of the 8th over - 0 runs, 1 hit, 0 errors, 1 left on base; Oakland 3 - Los Angeles 5 |
BOTTOM OF THE 8TH |
Los Angeles Angels batting - Pitching for Oakland Athletics : LHP Aaron Bummer
|
Pitching: RHP DeMarcus Evans
|
|
Batting: RHB Wil Myers
|
0-0: Ball 1-0: Ball 2-0: Called Strike 2-1: Called Strike 2-2: Strikes out swinging
|
Batting: RHB Cameron Maybin
|
0-0: Called Strike 0-1: Ball 1-1: Ball 2-1: Ball 3-1: Base on Balls
|
Batting: RHB Avisail Garcia
|
0-0: Ball 1-0: Called Strike 1-1: Called Strike Cameron Maybin steals 2nd base 1-2: SINGLE (Line Drive, 3D, EV 95.0 MPH) Cameron Maybin to third Runner from 3rd tries for Home, SAFE, throw by RF to home
|
Batting: RHB Zack Cozart
|
0-0: Ball 1-0: Foul Ball, location: 2F 1-1: Swinging Strike 1-2: Strikes out swinging
|
Batting: RHB Francisco Pena
|
0-0: Called Strike Avisail Garcia steals 2nd base 0-1: Called Strike 0-2: Strikes out swinging
|
Bottom of the 8th over - 1 run, 1 hit, 0 errors, 1 left on base; Oakland 3 - Los Angeles 6 |
TOP OF THE 9TH |
Oakland Athletics batting - Pitching for Los Angeles Angels : RHP Chaz Roe
|
Pitching: RHP Jeurys Familia
|
|
Batting: SHB Freddy Galvis
|
0-0: Ball 1-0: Called Strike 1-1: Ball 2-1: Fly out, F8 (Line Drive, 8RD, EV 103.8 MPH)
|
Batting: RHB Cam Gallagher
|
0-0: Foul Ball, location: 2F 0-1: Ball 1-1: Called Strike 1-2: Strikes out swinging
|
Batting: LHB Scooter Gennett
|
0-0: Foul Ball, location: 2F 0-1: Ground out 6-3 (Groundball, 6S, EV 81.9 MPH)
|
Top of the 9th over - 0 runs, 0 hits, 0 errors, 0 left on base; Oakland 3 - Los Angeles 6 |
|